 Seeded DCSS version 0.25.1-2-g60ff931df9 (webtiles) character file.

Game seed: 9934298491571972217 (custom seed)

175 sahdkjhfkaj the Covered (level 5, 0/33 HPs)
             Began as a Gargoyle Fighter on Oct 9, 2020.
             Was an Initiate of the Shining One.
             Slain by an orc warrior
             ... wielding a +0 mace
              (12 damage)
             ... on level 4 of the Dungeon.
             The game lasted 00:03:00 (3496 turns).

sahdkjhfkaj the Covered (Gargoyle Fighter)          Turns: 3496, Time: 00:03:00

Health: 0/33       AC: 12    Str: 20    XL:     5   Next: 55%
Magic:  5/5        EV:  7    Int:  9    God:    the Shining One [......]
Gold:   58         SH:  9    Dex:  9    Spells: 4/4 levels left

rFire    . . .     SeeInvis .   a - +1 flail
rCold    . . .     Gourm    .   c - +0 kite shield
rNeg     + . .     Faith    .   b - +0 scale mail
rPois    ∞         Spirit   .   (no helmet)
rElec    +         Reflect  .   i - +0 cloak
rCorr    .         Harm     .   (no gloves)
MR       .....                  (no boots)
Stlth    ..........             (no amulet)
HPRegen  0.11/turn              (no ring)
MPRegen  0.09/turn              (no ring)

@: glowing
A: negative energy resistance 1, electricity resistance, unbreathing,
petrification resistance, rot immunity, AC +4
a: Renounce Religion


You were on level 4 of the Dungeon.
You worshipped the Shining One.
The Shining One was noncommittal.
You were not hungry.

You visited 2 branches of the dungeon, and saw 5 of its levels.

You collected 168 gold pieces.
You spent 110 gold pieces at shops.

Inventory:

Hand Weapons
 a - a +1 flail (weapon)
 r - a -1 demon whip
Armour
 b - a +0 scale mail (worn)
 c - a +0 kite shield (worn)
 i - a +0 cloak (worn)
Jewellery
 m - an uncursed ring of protection from cold {unknown}
Scrolls
 h - 3 scrolls of remove curse
 k - a scroll of blinking {unknown}
 n - 2 scrolls of teleportation
 o - a scroll of identify {unknown}
 q - a scroll of immolation {unknown}
 s - a scroll of fear {unknown}
Potions
 d - 2 potions of might
 e - 4 potions of heal wounds
 g - a potion of ambrosia {unknown}
 l - a potion of cancellation {unknown}
 p - 2 potions of curing {unknown}
Comestibles
 f - 7 rations
 j - 3 chunks of flesh


   Skills:
 + Level 4.1 Fighting
 * Level 3.8 Maces & Flails
 + Level 4.2 Armour
 + Level 4.1 Shields


You had 4 spell levels left.
You didn't know any spells.
Your spell library was empty.

Dungeon Overview and Level Annotations

Branches:
Dungeon (4/15)             Temple (1/1) D:4

Altars:
Ashenzari
Cheibriados
Dithmenos
Elyvilon
Fedhas
Gozag
Hepliaklqana
Kikubaaqudgha
Makhleb
Nemelex Xobeh
Qazlal
Ru
Sif Muna
Trog
Uskayaw
Vehumet
Wu Jian
Xom
Yredelemnul
Zin
The Shining One

Shops:
D:4 *


Innate Abilities, Weirdness & Mutations

You are resistant to torment.
Your stone body is resilient. (AC +4)
You are immune to poison.
You resist negative energy. (rN+)
You are resistant to electric shocks. (rElec)
You can survive without breathing.
You are immune to petrification.
You are immune to rotting.


Message History

You are too injured to fight recklessly!
You are too injured to fight recklessly!
You are too injured to fight recklessly!
You are too injured to fight recklessly!
You are too injured to fight recklessly!
You are too injured to fight recklessly!
You are too injured to fight recklessly!
You are too injured to fight recklessly!
You are too injured to fight recklessly!
You are too injured to fight recklessly!
You are too injured to fight recklessly!
You barely miss the orc.
The orc wizard gestures wildly while chanting.
The orc wizard seems to speed up.
You closely miss the orc warrior.
The orc warrior is almost dead.
The orc hits you but does no damage.
The orc wizard hits you with a +0 dagger.
The orc warrior hits you with a +0 mace!
You die...

.... ..... ....
############ ..#
##.#..#.....###..#####
#....#................
#....#........o.......
#....#.......oo.......
#####...#......(@ooZ.....
... #...##########s..##..
...##...##... ...#
............. .....
............. .......
.............. .......
.####∩#########+ ...##..
#####.####.##... #### ..
................


You could see an orc warrior, an orc wizard (fast), 3 orcs, a giant cockroach
and a bullfrog skeleton.

Vanquished Creatures
  2 worker ants
  Robin (D:2)
  4 adders (D:3)
  An ooze (D:3)
  2 worms
  A dart slug (D:1)
  7 orcs
  3 giant cockroaches
  14 goblins
  7 hobgoblins
  3 jackals (D:3)
  3 bats
  4 frilled lizards
  8 kobolds
  3 rats
63 creatures vanquished.

Notes
Turn   | Place    | Note
-------+----------+-------------------------------------------
     0 | D:1      | sahdkjhfkaj the Gargoyle Fighter began the quest for the
                  | Orb.
     0 | D:1      | Reached XP level 1. HP: 14/14 MP: 1/1
   231 | D:1      | Reached XP level 2. HP: 19/19 MP: 2/2
  1179 | D:2      | Noticed Robin
  1207 | D:2      | Reached XP level 3. HP: 22/23 MP: 3/3
  1635 | D:2      | Killed Robin
  1635 | D:2      | Reached XP level 4. HP: 19/29 MP: 4/4
  2306 | D:3      | Reached XP level 5. HP: 21/33 MP: 5/5
  3189 | D:4      | Found a staircase to the Ecumenical Temple.
  3190 | D:4      | Found Cianehun's Lightly-Used Armoury.
  3201 | Temple   | Entered the Ecumenical Temple
  3414 | Temple   | Became a worshipper of the Shining One
  3464 | D:4      | Bought a -1 demon whip for 110 gold pieces
  3483 | D:4      | Noticed an orc warrior
  3496 | D:4      | Slain by an orc warrior

Illustrated notes

Levels and vault maps discovered:
D:1:      roderic_crop_circles_arrival_small, layout_rooms, serial_rivers,
          chequers_serial_rivers_large_a, chequers_serial_rivers_micro_d,
          chequers_serial_rivers_small_3, chequers_serial_rivers_large_b,
          chequers_serial_rivers_room_a
D:2:      layout_basic, uniq_robin
D:3:      layout_basic, first_ration
D:4:      layout_gridville, kennysheep_mini, minmay_temple_entry_overgrown,
          minmay_shop_damaged, kennysheep_generic_room_11, uniq_blork_the_orc
Temple:   roderic_octagonal_lattice_temple

Skill      XL: |  1  2  3  4 |
---------------+-------------+-----
Maces & Flails | 3 |  3.8
Fighting       | 4 |  4.1
Armour         | 4 |  4.2
Shields        | 4 |  4.1

Action                   |  1- 3 |  4- 6 || total
-------------------------+-------+-------++-------
Melee: Flail             |    93 |   137 ||   230
  Use: Scroll            |     3 |       ||     3
       Potion            |     1 |       ||     1
  Eat: Chunk             |     2 |     7 ||     9
Armor: Scale mail        |    55 |    90 ||   145
Dodge: Dodged            |    43 |    53 ||    96
Block: Kite shield       |    58 |    79 ||   137
